 Dungeon Crawl Stone Soup version 0.23.1-38-g628c18f (webtiles) character file.

Game seed: 2457114752669002461

22533 dvd the Cleaver (level 12, -1/80 HPs)
             Began as a Demonspawn Skald on Mar 28, 2019.
             Was an Elder of Hepliaklqana.
             Slain by an orc warrior
             ... wielding a +0 war axe
              (25 damage)
             ... on level 2 of the Orcish Mines.
             The game lasted 00:59:23 (13941 turns).

dvd the Cleaver (Demonspawn Skald)                 Turns: 13941, Time: 00:59:23

Health: -1/80      AC: 11    Str: 19      XL:     12   Next: 63%
Magic:  16/21      EV: 15    Int: 18      God:    Hepliaklqana [****..]
Gold:   885        SH:  0    Dex: 14 (15) Spells: 16/27 levels left

rFire    . . .     SeeInvis .   a - +3 war axe (elec)
rCold    + . .     Gourm    .   (no shield)
rNeg     . . .     Faith    .   P - +0 troll leather armour
rPois    .         Spirit   .   (helmet restricted)
rElec    .         Reflect  .   (no cloak)
rCorr    .         Harm     .   (no gloves)
MR       .....                  I - +1 pair of boots
Stlth    ++........             (no amulet)
HPRegen  1.63/turn              S - +3 ring of intelligence
MPRegen  0.17/turn              Q - +5 ring of strength

@: singing, sanguine armour, regenerating (expiring)
A: reduced essence, horns 2, blink, cold resistance 1, deformed body,
deterioration 1, low mp 1, spiny 1, freezing cloud immunity, sanguine armour 1
a: Blink, Recall Ancestor, Ancestor Identity, Transference, Idealise, Renounce
Religion


You were on level 2 of the Orcish Mines.
You worshipped Hepliaklqana.
Hepliaklqana was greatly pleased with you.
You were not hungry.

You visited 2 branches of the dungeon, and saw 13 of its levels.
You also visited: Sewer.

You collected 885 gold pieces.

Inventory:

Hand Weapons
 a - a +3 war axe of electrocution (weapon)
 b - a +2 war axe of freezing
 i - a +2 whip of venom
 m - a +5 spear of piercing
 q - a +2 long sword of slicing
 G - a +2 dire flail of draining
 K - a +3 morningstar
Armour
 r - the +1 robe "Lipoh" {rF+ rN+ MR+ Dex-2}
   (You found it on level 4 of the Dungeon)

   It affects your dexterity (-2).
   It protects you from fire.
   It protects you from negative energy.
   It affects your resistance to hostile enchantments.
 w - a +1 ring mail
 I - a +1 pair of boots (worn)
 P - a +0 troll leather armour (worn)
Magical Staves
 j - an uncursed staff of earth
 o - an uncursed staff of poison
Jewellery
 B - an uncursed ring of stealth
 L - an uncursed ring of wizardry
 Q - a +5 ring of strength (right hand)
 S - a +3 ring of intelligence (left hand)
 V - an uncursed ring of protection from magic
Wands
 c - a wand of iceblast (15)
 s - a wand of polymorph (12)
 u - a wand of acid (17)
 y - a wand of random effects (27)
 O - a wand of enslavement (9)
 T - a wand of paralysis (8)
 U - a wand of flame (12)
Scrolls
 f - 13 scrolls of identify
 g - 5 scrolls of teleportation
 l - 9 scrolls of remove curse
 x - 2 scrolls of magic mapping
 E - a scroll of blinking
Potions
 e - 2 potions of flight
 h - 4 potions of magic
 k - 3 potions of cancellation
 n - 2 potions of haste
 p - 3 potions of might
 t - a potion of lignification
 v - a potion of curing
 z - a potion of berserk rage
 A - 2 potions of heal wounds
 C - a potion of agility
 D - a potion of ambrosia
Miscellaneous
 M - a phial of floods
Comestibles
 d - 26 rations
 F - 34 chunks of flesh


   Skills:
 + Level 6.7 Fighting
 + Level 10.5 Axes
 + Level 6.0 Armour
 + Level 6.0 Dodging
 + Level 4.2 Stealth
 + Level 8.2 Spellcasting
 + Level 1.4 Hexes
 + Level 7.6 Charms
 + Level 4.1 Necromancy
 + Level 3.1 Translocations
 * Level 5.3 Invocations
 + Level 2.5 Evocations


You had 16 spell levels left.
You knew the following spells:

 Your Spells              Type           Power        Failure   Level  Hunger
a - Infusion              Chrm           ####         1%          1    None
b - Song of Slaying       Chrm           ####....     1%          2    None
c - Shroud of Golubria    Chrm/Tloc      ####......   1%          2    None
d - Regeneration          Chrm/Necr      ####......   3%          3    #......
e - Spectral Weapon       Hex/Chrm       ###.....     4%          3    #......

Your spell library contained the following spells:

 Spells                   Type           Power        Failure   Level  Hunger


Dungeon Overview and Level Annotations

Branches:
Dungeon (11/15)            Temple (0/1) D:5             Orc (2/2) D:10
   Lair: D:8-11         Elf: Orc:2

Altars:
Elyvilon
Hepliaklqana
Makhleb
Qazlal
Ru
Trog
Xom
Zin
Beogh

Shops:
D:8 %   Orc:2 (

Annotations:
D:9 3 runed translucent doors, Flogoulo's ghost, novice TrBe


Innate Abilities, Weirdness & Mutations

You have a pair of horns on your head.
Your flesh is cold resistant. (rC+)
You are partially covered in sharp spines.
You are immune to freezing clouds.
When seriously injured, your bleeding wounds create armour. (AC +6)
Your life essence is reduced to manifest your ancestor. (-10% HP)
You can translocate small distances at will.
Armour fits poorly on your strangely shaped body.
Your body sometimes deteriorates upon taking damage.
Your magical capacity is low. (-10% MP)


Message History

You closely miss the warg.
The warg is moderately wounded.
The warg is struck by your spines. The warg barely misses you.
Shunnar closely misses the warg.
You barely miss the warg. Your headbutt misses the warg.
The warg is heavily wounded.
The orc warrior hits Shunnar with a +0 war axe!
The warg is struck by your spines. The warg bites you.
* * * LOW HITPOINT WARNING * * *
You barely miss the warg.
The warg is severely wounded.
The warg is struck by your spines. The warg bites you but does no damage.
Shunnar hits the warg with a +0 quarterstaff!
The warg dies!
Your Dodging skill increases to level 6!
You closely miss the orc warrior.
Shunnar points at the orc warrior and mumbles some strange words.
The stone arrow hits the orc warrior but does no damage.
The orc warrior hits you with a +0 war axe!!
You die...

#∩..#.'..⌠..#........))).
#####.#.....#....<..÷))).
#.....#.....#..........##
#.###)########........###
#..)..# ##......####.
+.._..# #....######..
#.....# #.#####.#....
###'#######.# ##.......
#...@oR######........
######)# #..#...... #.#
##........ #)# ##.......
... #.....#. .....
#.....## #.....# ##.....#
##$..## ##...## #$..#
#####


You could see the friendly Shunnar the battlemage and an orc warrior.

Vanquished Creatures
  3 two-headed ogres
  An orc high priest (Orc:1)
  A swamp dragon (D:9)
  2 orc knights (Orc:2)
  An oklob plant (D:6)
  An orc sorcerer (Orc:2)
  A cyclops (D:10)
  2 trolls
  Grinder (D:5)
  3 hippogriffs
  A shadow (D:9)
  A wyvern (D:10)
  A yak (D:9)
  Sigmund (D:5)
  A fire bat (D:11)
  4 hogs (D:7)
  2 hungry ghosts (D:10)
  Menkaure (D:5)
  4 wargs (Orc:1)
  8 orc warriors
  An ice beast (D:5)
  2 black bears
  A phantom (D:10)
  7 ogres
  8 centaurs
  2 big kobolds
  2 bullfrogs
  A troll zombie (D:10)
  A scorpion (D:5)
  4 killer bees (D:8)
  13 wights
  4 howler monkeys
  3 crimson imps
  4 jellies
  2 centaur zombies
  A quasit (D:11)
  2 hounds (D:9)
  7 orc priests
  A gnoll shaman (D:5)
  6 orc wizards
  4 iguanas
  6 worker ants
  5 ogre zombies (D:10)
  2 hound skeletons
  3 hound zombies
  A howler monkey zombie (D:5)
  3 worker ant zombies
  2 gnolls (D:3)
  12 adders
  3 shadow imps
  8 oozes
  2 adder zombies
  6 worms
  3 dart slugs
  5 leopard geckos
  85 orcs
  3 bats
  4 giant cockroaches
  3 hobgoblins
  10 jackals
  15 kobolds
  7 quokkas
  5 ball pythons
  A ball python skeleton (D:5)
  6 frilled lizards
  4 goblins
  A goblin skeleton (D:10)
  A hobgoblin zombie (D:10)
  2 orc skeletons (D:10)
  7 orc zombies (D:10)
  8 rats
339 creatures vanquished.

Vanquished Creatures (collateral kills)
  5 two-headed ogres
  2 unseen horrors (D:11)
  An orc knight (Orc:2)
  2 trolls
  Eustachio (D:5)
  A human (D:7)
  A warg (Orc:2)
  The ghost of pjoxt the Cudgeler, an amateur GrMo (D:4)
  A two-headed ogre zombie (D:10)
  8 orc warriors
  2 sky beasts
  3 ice beasts
  A black bear (D:6)
  A necrophage (D:9)
  3 phantoms
  2 ogres
  A centaur (D:6)
  A big kobold (Sewer)
  2 bullfrogs
  A gnoll sergeant (D:9)
  2 scorpions (D:6)
  A troll zombie (D:10)
  A killer bee (D:8)
  2 wights (D:8)
  3 howler monkeys
  2 crimson imps (D:5)
  A centaur zombie (D:9)
  2 hounds
  A jelly (D:9)
  3 orc priests
  A centaur skeleton (D:9)
  2 orc wizards
  2 iguanas
  3 worker ants
  A hound skeleton (D:5)
  A gnoll (D:3)
  5 adders
  A shadow imp (D:5)
  5 oozes (D:6)
  3 worms (Sewer)
  19 orcs
  A goblin (D:2)
  3 jackals
  A goblin skeleton (D:10)
  A goblin zombie (D:10)
  A hobgoblin skeleton (D:10)
  A hobgoblin zombie (D:10)
  An orc skeleton (D:10)
  9 orc zombies (D:10)
119 creatures vanquished.

Vanquished Creatures (others)
  10 battlemagi
  12 fungi (D:6)
  4 spectral weapons
26 creatures vanquished.

Grand Total: 484 creatures vanquished

Notes
Turn   | Place    | Note
-------+----------+-------------------------------------------
     0 | D:1      | dvd the Demonspawn Skald began the quest for the Orb.
     0 | D:1      | Reached XP level 1. HP: 16/16 MP: 3/3
   333 | D:1      | Gained mutation: You are partially covered in sharp spines.
                  | [demonic ancestry]
   333 | D:1      | Reached XP level 2. HP: 21/22 MP: 0/5
   501 | D:1      | Reached skill level 2 in Axes
   597 | D:1      | Reached skill level 1 in Armour
   603 | D:1      | Learned a level 2 spell: Song of Slaying
   606 | D:1      | Learned a level 2 spell: Shroud of Golubria
   989 | D:2      | Found a hazy altar of Hepliaklqana.
  1001 | D:2      | Became a worshipper of Hepliaklqana the Forgotten
  1090 | D:2      | Gained mutation: Your flesh is cold resistant. (rC+)
                  | [demonic ancestry]
  1090 | D:2      | Reached XP level 3. HP: 16/24 MP: 3/6
  1869 | D:2      | Gained mutation: You have a pair of small horns on your
                  | head. [demonic ancestry]
  1869 | D:2      | Reached XP level 4. HP: 28/29 MP: 4/7
  2480 | D:3      | Reached * piety under Hepliaklqana
  2605 | D:3      | Found a shimmering altar of Xom.
  2608 | D:3      | Noticed an angel
  2612 | D:3      | Found a glowing silver altar of Zin.
  3087 | D:3      | Learned a level 3 spell: Regeneration
  3221 | D:3      | Reached XP level 5. HP: 35/35 MP: 6/8
  3596 | D:4      | Found a runed translucent door.
  3596 | D:4      | Noticed pjoxt's ghost (amateur GrMo)
  3712 | D:3      | Reached skill level 3 in Axes
  3919 | D:4      | Reached XP level 6. HP: 22/41 MP: 5/11
  3960 | D:4      | Got a transparent robe
  3971 | D:4      | Identified the +1 robe "Lipoh" {rF+ rN+ MR+ Dex-2} (You
                  | found it on level 4 of the Dungeon)
  3998 | D:4      | Found a stormy altar of Qazlal.
  4266 | D:5      | Entered Level 5 of the Dungeon
  4374 | D:5      | Found a staircase to the Ecumenical Temple.
  4408 | D:5      | Reached ** piety under Hepliaklqana
  4409 | D:5      | Remembered your ancestor Shunnar as a battlemage
  4414 | D:5      | Noticed Eustachio
  4427 | D:5      | Killed Eustachio
  4427 | D:5      | Gained mutation: You have a pair of horns on your head.
                  | [demonic ancestry]
  4427 | D:5      | Reached XP level 7. HP: 41/45 MP: 7/12
  4446 | D:5      | Found a hazy altar of Hepliaklqana.
  4457 | D:5      | Noticed Grinder
  4479 | D:5      | Killed Grinder
  4479 | D:5      | Reached skill level 4 in Axes
  4479 | D:5      | Reached skill level 1 in Translocations
  4500 | D:5      | Noticed Menkaure
  4507 | D:5      | Killed Menkaure
  4778 | D:5      | Noticed Sigmund
  4788 | D:5      | Killed Sigmund
  4788 | D:5      | Reached XP level 8. HP: 39/52 MP: 9/14
  4814 | D:5      | Reached skill level 5 in Axes
  5077 | D:5      | Reached skill level 1 in Stealth
  5890 | D:6      | Reached skill level 6 in Axes
  5892 | D:6      | Reached XP level 9. HP: 45/58 MP: 15/15
  5894 | D:6      | Found a glowing drain.
  5912 | Sewer    | Entered a sewer
  6659 | D:6      | Reached skill level 7 in Axes
  6661 | D:6      | Noticed an oklob plant
  6841 | D:6      | Killed an oklob plant
  6841 | D:6      | Reached skill level 5 in Armour
  6880 | D:6      | Found a burning altar of Makhleb.
  6911 | D:6      | Found a burning altar of Makhleb.
  7073 | D:6      | Found a sacrificial altar of Ru.
  7295 | D:6      | Gained mutation: Your body sometimes deteriorates upon
                  | taking damage. [potion of mutation]
  7295 | D:6      | Gained mutation: Armour fits poorly on your strangely
                  | shaped body. [potion of mutation]
  7295 | D:6      | Gained mutation: Your magical capacity is low. (-10% MP)
                  | [potion of mutation]
  7295 | D:6      | Gained mutation: You can translocate small distances at
                  | will. [potion of mutation]
  7341 | D:7      | Reached *** piety under Hepliaklqana
  7436 | D:7      | Reached skill level 5 in Charms
  7436 | D:7      | Reached skill level 1 in Evocations
  7443 | D:7      | Reached skill level 5 in Spellcasting
  8051 | D:7      | Reached XP level 10. HP: 55/65 MP: 10/15
  8417 | D:8      | Reached skill level 1 in Necromancy
  8989 | D:8      | Got a shimmering short sword
  8990 | D:8      | Identified the +3 short sword of Courage {antimagic, rC+}
                  | (You found it on level 8 of the Dungeon)
  9170 | D:8      | Reached skill level 8 in Axes
  9392 | D:8      | Found Elyuggeh's Food Shop.
  9833 | D:9      | Learned a level 3 spell: Spectral Weapon
  9850 | D:9      | Found a runed translucent gate.
  9850 | D:9      | Found a runed translucent gate.
  9850 | D:9      | Found a runed translucent gate.
  9851 | D:9      | Noticed Flogoulo's ghost (novice TrBe)
  9905 | D:9      | Noticed a two-headed ogre
  9908 | D:9      | Noticed a swamp dragon
  9908 | D:9      | a two-headed ogre changed into a swamp dragon
 10428 | D:10     | Entered Level 10 of the Dungeon
 10436 | D:10     | Reached skill level 5 in Fighting
 10507 | D:10     | Noticed a two-headed ogre
 10514 | D:10     | Killed a two-headed ogre
 10556 | D:10     | Found a roughly hewn altar of Beogh.
 10569 | D:10     | Reached skill level 5 in Dodging
 10759 | D:10     | Gained mutation: When seriously injured, your bleeding
                  | wounds create armour. (AC +6) [demonic ancestry]
 10759 | D:10     | Reached XP level 11. HP: 72/72 MP: 14/18
 10946 | D:10     | Found a staircase to the Orcish Mines.
 11116 | D:10     | Reached **** piety under Hepliaklqana
 11163 | D:10     | Reached skill level 9 in Axes
 11437 | D:11     | Noticed an eight-headed hydra
 11437 | D:11     | Noticed a white ugly thing
 12019 | D:9      | Found a white marble altar of Elyvilon.
 12195 | D:9      | Killed a swamp dragon
 12544 | D:11     | Found a shimmering altar of Xom.
 12544 | D:11     | Noticed a six-headed hydra
 12647 | D:11     | Killed an unseen horror
 12716 | D:11     | Killed an unseen horror
 12749 | D:11     | HP: 1/72 [white ugly thing (7)]
 12975 | D:4      | Killed pjoxt's ghost
 13160 | Orc:1    | Entered Level 1 of the Orcish Mines
 13196 | Orc:1    | Noticed an orc high priest
 13211 | Orc:1    | Noticed a sixfirhy
 13211 | Orc:1    | Killed an orc high priest
 13211 | Orc:1    | Reached skill level 1 in Invocations
 13301 | Orc:1    | Found a bloodstained altar of Trog.
 13385 | Orc:2    | Entered Level 2 of the Orcish Mines
 13428 | Orc:2    | Gained mutation: You are immune to freezing clouds.
                  | [demonic ancestry]
 13428 | Orc:2    | Reached XP level 12. HP: 79/79 MP: 21/21
 13432 | Orc:2    | Noticed a two-headed ogre
 13442 | Orc:2    | Killed a two-headed ogre
 13506 | Orc:2    | Noticed a two-headed ogre
 13513 | Orc:2    | Killed a two-headed ogre
 13566 | Orc:1    | Noticed a two-headed ogre
 13567 | Orc:1    | Noticed a two-headed ogre
 13571 | Orc:1    | Noticed a two-headed ogre
 13574 | Orc:1    | Noticed a two-headed ogre
 13574 | Orc:1    | Killed a two-headed ogre
 13574 | Orc:1    | Reached skill level 10 in Axes
 13575 | Orc:1    | Noticed a two-headed ogre
 13576 | Orc:1    | Killed a two-headed ogre
 13576 | Orc:1    | Reached skill level 1 in Hexes
 13577 | Orc:1    | Killed a two-headed ogre
 13578 | Orc:1    | Noticed a two-headed ogre
 13579 | Orc:1    | Noticed a two-headed ogre
 13581 | Orc:1    | Killed a two-headed ogre
 13583 | Orc:1    | Noticed an ogre mage
 13583 | Orc:1    | Killed a two-headed ogre
 13820 | Orc:2    | Found Weimoh's Antique Weapon Emporium.
 13880 | Orc:2    | Found a roughly hewn altar of Beogh.
 13914 | Orc:2    | Paralysed by an orc sorcerer for 6 turns
 13918 | Orc:2    | Reached skill level 5 in Invocations
 13941 | Orc:2    | Slain by an orc warrior

Skill      XL: |  1  2  3  4  5  6  7  8  9 10 11 12 |
---------------+-------------------------------------+-----
Axes           | 2 3 4 6 7 8 9 10 | 10.5
Armour         | 1 2 3 4 5 6 |  6.0
Charms         | 3 4 5 6 7 |  7.6
Dodging        | 2 3 4 5 6 |  6.0
Spellcasting   | 3 4 5 6 7 8 |  8.2
Translocations | 1 2 3 |  3.1
Fighting       | 3 4 5 6 |  6.7
Stealth        | 1 2 3 4 |  4.2
Evocations     | 1 2 |  2.5
Necromancy     | 2 3 4 |  4.1
Invocations    | 1 5 |  5.3
Hexes          | 1 |  1.4

Action                   |  1- 3 |  4- 6 |  7- 9 | 10-12 || total
-------------------------+-------+-------+-------+-------++-------
Melee: Hand axe          |    52 |    66 |       |       ||   118
       Headbutt          |       |     6 |    26 |    63 ||    95
       War axe           |       |    27 |   158 |   373 ||   558
 Cast: Infusion          |    13 |     4 |     4 |     2 ||    23
       Song of Slaying   |     1 |     3 |     8 |    17 ||    29
       Shroud of Golubri |       |     8 |    14 |    27 ||    49
       Regeneration      |       |       |     7 |    50 ||    57
       Spectral Weapon   |       |       |       |    12 ||    12
Invok: Ancestor Identity |     1 |       |     1 |       ||     2
       Recall Ancestor   |       |     1 |     1 |     1 ||     3
       Ancestor Life: Ba |       |     1 |       |       ||     1
Evoke: Wand              |       |     1 |     9 |    17 ||    27
  Use: Scroll            |       |     5 |     6 |     8 ||    19
       Potion            |       |       |    12 |     4 ||    16
 Stab: Distracted        |       |       |     4 |     6 ||    10
       Paralysed         |       |       |     3 |       ||     3
       Sleeping          |       |       |       |     4 ||     4
  Eat: Chunk             |     3 |     9 |     9 |    24 ||    45
       Ration            |       |       |     1 |     1 ||     2
Armor: Leather armour    |     9 |     4 |       |       ||    13
       Ring mail         |       |    32 |    46 |     8 ||    86
       Robe              |       |       |       |     8 ||     8
       Troll leather arm |       |       |       |    25 ||    25
Dodge: Dodged            |    30 |    50 |    96 |   215 ||   391
       Rpst.: Long sword |       |       |       |     1 ||     1
